 Dungeon Crawl Stone Soup version 0.21.1-1-g345015f (webtiles) character file.

1094 tidbits the Insei (level 8, 30/60 HPs)
             Began as a Gnoll Transmuter on Feb 14, 2018.
             Quit the game on level 9 of the Dungeon.
             The game lasted 00:18:40 (1479 turns).

tidbits the Insei (Gnoll Transmuter)                Turns: 1479, Time: 00:18:40

Health: 30/60      AC:  2    Str: 13    XL:     8   Next: 31%
Magic:  4/16       EV: 25    Int: 18    God:
Gold:   202        SH:  0    Dex: 20    Spells: 9/18 levels left

rFire    . . .     SeeInvis .     - Unarmed
rCold    . . .     Gourm    .   (shield currently unavailable)
rNeg     . . .     Faith    .   (armour currently unavailable)
rPois    .         Spirit   .   (helmet currently unavailable)
rElec    .         Reflect  .   (cloak currently unavailable)
rCorr    .         Harm     .   (gloves currently unavailable)
MR       .....                  (boots currently unavailable)
Stlth    ++++......             (no amulet)
HPRegen  0.20/turn              B - ring of stealth
MPRegen  0.15/turn              y - ring of poison resistance (curse)

@: spider-form, very slightly contaminated
A: tiny, distributed training, strong nose
a: End Transformation


You were on level 9 of the Dungeon.
You were not hungry.
You were a venomous arachnid creature.
You visited 1 branch of the dungeon, and saw 7 of its levels.

You collected 202 gold pieces.

Inventory:

Hand Weapons
 a - a +0 dagger of venom (melded)
   (You took it off an orc on level 4 of the Dungeon)
 f - a +0 short sword
 m - a +2 short sword of holy wrath
   (You found it on level 3 of the Dungeon)
 q - a +0 dagger
 s - a +0 long sword
Missiles
 e - 3 tomahawks
 h - a throwing net (quivered) {!f}
 j - 26 arrows
 p - 25 stones
Armour
 b - a +0 robe (melded)
 r - a +0 ring mail
 E - a +0 helmet (melded)
Jewellery
 k - an uncursed ring of positive energy
   (You found it on level 5 of the Dungeon)
 t - an uncursed ring of positive energy
   (You found it on level 4 of the Dungeon)
 y - a cursed ring of poison resistance (right front leg)
   (You found it on level 5 of the Dungeon)
 A - an uncursed ring of flight
   (You found it on level 9 of the Dungeon)
 B - a ring of stealth (left front leg)
   (You found it on level 9 of the Dungeon)
Wands
 d - a wand of digging (18)
 n - a wand of disintegration (13)
 u - a wand of random effects (11)
 x - a wand of polymorph (11)
Scrolls
 g - 2 scrolls of remove curse
 i - a scroll of identify
 o - a scroll of random uselessness
 w - 2 scrolls of amnesia
Potions
 z - a potion of haste
Books
 c - a book of Changes

   Spells                             Type                      Level
   a - Beastly Appendage              Transmutation                1
   b - Sticks to Snakes               Transmutation                2
   c - Spider Form                    Transmutation/Poison         3
   d - Ice Form                       Ice/Transmutation            4
   e - Blade Hands                    Transmutation                5
 l - a book of Necromancy
   (You found it on level 4 of the Dungeon)

   Spells                             Type                      Level
   a - Pain                           Necromancy                   1
   b - Animate Skeleton               Necromancy                   1
   c - Vampiric Draining              Necromancy                   3
   d - Regeneration                   Charms/Necromancy            3
   e - Animate Dead                   Necromancy                   4
   f - Borgnjor's Vile Clutch         Necromancy/Earth             5
Comestibles
 v - 2 rations


   Skills:
 + Level 4.1 Fighting
 + Level 3.1 Short Blades
 + Level 3.1 Long Blades
 + Level 3.1 Axes
 + Level 3.1 Maces & Flails
 + Level 3.1 Polearms
 + Level 3.1 Staves
 + Level 3.1 Slings
 + Level 3.1 Bows
 + Level 3.1 Crossbows
 + Level 3.1 Throwing
 + Level 3.1 Armour
 + Level 5.6 Dodging
 + Level 3.1 Stealth
 + Level 3.1 Shields
 + Level 7.3 Unarmed Combat
 + Level 5.9 Spellcasting
 + Level 2.5 Conjurations
 + Level 2.5 Hexes
 + Level 2.5 Charms
 + Level 2.5 Summonings
 + Level 2.5 Necromancy
 + Level 2.5 Translocations
 + Level 4.6 Transmutations
 + Level 2.5 Fire Magic
 + Level 2.5 Ice Magic
 + Level 2.5 Air Magic
 + Level 2.5 Earth Magic
 + Level 2.5 Poison Magic
 + Level 3.4 Invocations
 + Level 3.1 Evocations


You had 9 spell levels left.
You knew the following spells:

 Your Spells              Type           Power        Failure   Level  Hunger
e - Beastly Appendage     Tmut           ###...       8%          1    None
k - Sticks to Snakes      Tmut           ###.....     10%         2    None
p - Spider Form           Tmut/Pois      ###.......   22%         3    ##.....
r - Regeneration          Chrm/Necr      ##........   30%         3    ##.....


Dungeon Overview and Level Annotations

Branches:
Dungeon (6/15)
 Temple: D:4-7

Altars:
Dithmenos
Fedhas
Gozag
Okawaru
Uskayaw
Xom
Yredelemnul

Shops:
D:5 *


Innate Abilities, Weirdness & Mutations

Your experience applies equally to all skills.
((You have very sharp teeth.))
Your uncanny sense of smell can sniff out nearby items.


Message History

Found a ration, a pair of boots and a leather armour. 2 gnolls come into view.
Found a ration.
Unknown command.
Unknown command.
Found a ration.
Unknown command.
A big kobold comes into view.
Found a falchion of flaming.
Evoke which item? (* to show all) (? for menu, Esc to quit)
Okay, then.
Evoke which item? (* to show all) (? for menu, Esc to quit)
Aiming: Disintegrate
Press: ? - help, Shift-Dir - straight line, f - big kobold
Aim: a big kobold (resting, chance to defeat MR: 77%)
The big kobold shouts!
The big kobold is blasted.
You blow up the big kobold!
You hear a splash.
The gnoll shouts!
You hear a shout! x2
Unknown command.
A big kobold comes into view. It is wielding a whip.
Found an inedible chunk of flesh.
Casting: Sticks to Snakes
Confirm with . or Enter, or press ? or * to list all spells.
You create a snake!
You now have 27 arrows.
The gnoll hits your ball python.
Your ball python dies!
Casting: Sticks to Snakes
Confirm with . or Enter, or press ? or * to list all spells.
You miscast Spider Form.
You are very lightly contaminated with residual magic.
Your skin tingles.
The gnoll misses you.
Casting: Spider Form
Confirm with . or Enter, or press ? or * to list all spells.
You turn into a venomous arachnid creature.
Your +0 dagger of venom melds into your body.
Your +0 helmet melds into your body.
Your +0 robe melds into your body.
Your +0 dagger of venom stops dripping with poison.
The gnoll misses you.
Unknown command.
You completely miss the gnoll.
The gnoll throws a throwing net.
The throwing net completely misses you.
The gnoll shouts!
You hit the gnoll.
The gnoll is poisoned.
The gnoll is moderately wounded.
You hear a shout!
The gnoll misses you. The gnoll hits you.
Casting: Spider Form
Confirm with . or Enter, or press ? or * to list all spells.
You miscast Sticks to Snakes.
Waves of light ripple over your body. The gnoll barely misses you.
The gnoll misses you. The gnoll sergeant closely misses you.
The gnoll completely misses you.
The gnoll sergeant hits you from afar with a spear!
You see here an inedible chunk of flesh.
Casting: Sticks to Snakes
Confirm with . or Enter, or press ? or * to list all spells.
You miscast Sticks to Snakes.
Strange energies run through your body.
Casting: Sticks to Snakes
Confirm with . or Enter, or press ? or * to list all spells.
You create a snake!
You now have 26 arrows.
You kill the gnoll!
The gnoll splashes around in the water.
The gnoll misses you.
You bite the gnoll!
The gnoll is almost dead.
The gnoll barely misses you. The gnoll sergeant misses you.
The gnoll misses you.
Your ball python closely misses the gnoll.
Your ball python barely misses the gnoll.
You barely miss the gnoll.
The gnoll is almost dead.
The gnoll sergeant completely misses you.
The gnoll splashes around in the water.
The gnoll completely misses you.
Your ball python bites the gnoll but does no damage.
Your ball python closely misses the gnoll.
You hit the gnoll.
You kill the gnoll!
The gnoll sergeant hits you from afar with a spear.
The gnoll hits you.
You bite the gnoll!
The gnoll is severely wounded.
Your ball python bites the gnoll but does no damage.
Your ball python closely misses the gnoll.
The gnoll sergeant hits you from afar with a spear.
* * * LOW HITPOINT WARNING * * *
The gnoll hits your ball python.
Your ball python dies!
The gnoll shouts!
You hit the gnoll.
The gnoll is poisoned.
The gnoll is almost dead.
The big kobold shouts!
The gnoll sergeant misses you.
A big kobold opens the gate.
Found 2 rations. 2 yaks and 2 dream sheep come into view.
Okay, then.
Okay, then.
Unknown command.
Okay, then.
Unknown command.
Are you sure you want to abandon this character and quit the game? (Confirm with "yes".) ∆+..Y%%# ∆ #K.YYY

#+###'''##
#.≈P..%..#
#P≈≈...%.# #.
#≈)P..P%.#
g.g..#P≈..%.[.#
#gg...#PP%s≈.≈.#
#g....#####g#### #
#.......g..g# ##
.#....g...g..#
.####.#...........#
......#...........#
..#...#...........#
# ................#
###.# #...........#


You could see 2 yaks, a big kobold, a gnoll sergeant, 2 dream sheep and a gnoll.

Vanquished Creatures
  The ghost of Goblin1989 the Insei, an amateur DsMo of Gozag (D:4)
  An orc warrior (D:5)
  An ice beast (D:5)
  A sky beast (D:6)
  A centaur (D:5)
  A big kobold (D:9)
  A bullfrog (D:6)
  A scorpion (D:4)
  3 crimson imps
  A hound (D:6)
  An orc priest (D:5)
  2 orc wizards (D:4)
  A gnoll shaman (D:5)
  2 worker ants
  7 gnolls
  An adder (D:3)
  A worm (D:5)
  A leopard gecko (D:2)
  10 orcs
  3 giant cockroaches
  3 goblins
  7 hobgoblins
  5 jackals
  6 kobolds
  A quokka (D:5)
  A bat (D:1)
  3 frilled lizards
  A rat (D:2)
68 creatures vanquished.

Vanquished Creatures (collateral kills)
  A crimson imp (D:5)
  A worm (D:4)
  2 orcs (D:6)
  A jackal (D:4)
5 creatures vanquished.

Vanquished Creatures (others)
  A gnoll (D:5)
1 creature vanquished.

Grand Total: 74 creatures vanquished

Notes
Turn   | Place    | Note
-------+----------+-------------------------------------------
     0 | D:1      | tidbits the Gnoll Transmuter began the quest for the Orb.
     0 | D:1      | Reached XP level 1. HP: 17/17 MP: 6/6
   126 | D:1      | Reached XP level 2. HP: 17/23 MP: 5/7
   135 | D:1      | Learned a level 2 spell: Sticks to Snakes
   250 | D:3      | Found a hide-covered altar of Uskayaw.
   306 | D:2      | Found a blossoming altar of Fedhas.
   371 | D:3      | Found a shadowy altar of Dithmenos.
   381 | D:3      | Reached XP level 3. HP: 20/28 MP: 9/9
   386 | D:3      | Learned a level 3 spell: Spider Form
   409 | D:3      | Reached skill level 5 in Spellcasting
   423 | D:4      | Reached skill level 1 in Short Blades
   423 | D:4      | Reached skill level 1 in Long Blades
   423 | D:4      | Reached skill level 1 in Axes
   423 | D:4      | Reached skill level 1 in Maces & Flails
   423 | D:4      | Reached skill level 1 in Polearms
   423 | D:4      | Reached skill level 1 in Staves
   423 | D:4      | Reached skill level 1 in Slings
   423 | D:4      | Reached skill level 1 in Bows
   423 | D:4      | Reached skill level 1 in Crossbows
   423 | D:4      | Reached skill level 1 in Throwing
   423 | D:4      | Reached skill level 1 in Armour
   423 | D:4      | Reached skill level 1 in Stealth
   423 | D:4      | Reached skill level 1 in Shields
   423 | D:4      | Reached skill level 1 in Invocations
   423 | D:4      | Reached skill level 1 in Evocations
   423 | D:4      | Reached XP level 4. HP: 9/34 MP: 3/11
   463 | D:4      | Noticed Goblin1989's ghost (amateur DsMo)
   650 | D:4      | Reached skill level 1 in Conjurations
   650 | D:4      | Reached skill level 1 in Hexes
   650 | D:4      | Reached skill level 1 in Charms
   650 | D:4      | Reached skill level 1 in Summonings
   650 | D:4      | Reached skill level 1 in Necromancy
   650 | D:4      | Reached skill level 1 in Translocations
   650 | D:4      | Reached skill level 1 in Fire Magic
   650 | D:4      | Reached skill level 1 in Ice Magic
   650 | D:4      | Reached skill level 1 in Air Magic
   650 | D:4      | Reached skill level 1 in Earth Magic
   650 | D:4      | Reached skill level 1 in Poison Magic
   662 | D:4      | Reached XP level 5. HP: 19/40 MP: 6/12
   708 | D:4      | Reached skill level 3 in Fighting
   708 | D:4      | Reached skill level 4 in Transmutations
   729 | D:4      | Killed Goblin1989's ghost
   729 | D:4      | Reached skill level 2 in Invocations
   729 | D:4      | Reached XP level 6. HP: 46/47 MP: 3/14
   748 | D:5      | Entered Level 5 of the Dungeon
   804 | D:4      | Learned a level 3 spell: Regeneration
   840 | D:5      | Reached skill level 2 in Short Blades
   840 | D:5      | Reached skill level 2 in Long Blades
   840 | D:5      | Reached skill level 2 in Axes
   840 | D:5      | Reached skill level 2 in Maces & Flails
   840 | D:5      | Reached skill level 2 in Polearms
   840 | D:5      | Reached skill level 2 in Staves
   840 | D:5      | Reached skill level 2 in Slings
   840 | D:5      | Reached skill level 2 in Bows
   840 | D:5      | Reached skill level 2 in Crossbows
   840 | D:5      | Reached skill level 2 in Throwing
   840 | D:5      | Reached skill level 2 in Armour
   840 | D:5      | Reached skill level 5 in Dodging
   840 | D:5      | Reached skill level 2 in Stealth
   840 | D:5      | Reached skill level 2 in Shields
   840 | D:5      | Reached skill level 2 in Evocations
   842 | D:5      | Noticed an orc warrior
   861 | D:5      | Reached XP level 7. HP: 19/52 MP: 5/15
   889 | D:5      | Reached skill level 7 in Unarmed Combat
   938 | D:5      | Reached skill level 2 in Conjurations
   938 | D:5      | Reached skill level 2 in Hexes
   938 | D:5      | Reached skill level 2 in Charms
   938 | D:5      | Reached skill level 2 in Summonings
   938 | D:5      | Reached skill level 2 in Necromancy
   938 | D:5      | Reached skill level 2 in Translocations
   938 | D:5      | Reached skill level 2 in Fire Magic
   938 | D:5      | Reached skill level 2 in Ice Magic
   938 | D:5      | Reached skill level 2 in Air Magic
   938 | D:5      | Reached skill level 2 in Earth Magic
   938 | D:5      | Reached skill level 2 in Poison Magic
   941 | D:5      | Found a shimmering altar of Xom.
  1091 | D:5      | Found an iron altar of Okawaru.
  1148 | D:5      | Found a basalt altar of Yredelemnul.
  1187 | D:5      | Found an opulent altar of Gozag.
  1189 | D:5      | Found Gozag's Platinum Reserve.
  1230 | D:5      | Reached skill level 3 in Invocations
  1316 | D:6      | Reached XP level 8. HP: 27/60 MP: 7/16
  1369 | D:6      | Reached skill level 4 in Fighting
  1369 | D:6      | Reached skill level 3 in Short Blades
  1369 | D:6      | Reached skill level 3 in Long Blades
  1369 | D:6      | Reached skill level 3 in Axes
  1369 | D:6      | Reached skill level 3 in Maces & Flails
  1369 | D:6      | Reached skill level 3 in Polearms
  1369 | D:6      | Reached skill level 3 in Staves
  1369 | D:6      | Reached skill level 3 in Slings
  1369 | D:6      | Reached skill level 3 in Bows
  1369 | D:6      | Reached skill level 3 in Crossbows
  1369 | D:6      | Reached skill level 3 in Throwing
  1369 | D:6      | Reached skill level 3 in Armour
  1369 | D:6      | Reached skill level 3 in Stealth
  1369 | D:6      | Reached skill level 3 in Shields
  1369 | D:6      | Reached skill level 3 in Evocations
  1386 | D:6      | You fall through a shaft for 3 floors!
  1407 | D:9      | Found a shadowy altar of Dithmenos.
  1479 | D:9      | Noticed a yak
  1479 | D:9      | Noticed a yak
  1479 | D:9      | Noticed a dream sheep
  1479 | D:9      | Noticed a dream sheep
  1479 | D:9      | Quit the game

Skill      XL: |  1  2  3  4  5  6  7  8 |
---------------+-------------------------+-----
Spellcasting   | 5 |  5.9
Short Blades   | 1 2 3 |  3.1
Long Blades    | 1 2 3 |  3.1
Axes           | 1 2 3 |  3.1
Maces & Flails | 1 2 3 |  3.1
Polearms       | 1 2 3 |  3.1
Staves         | 1 2 3 |  3.1
Slings         | 1 2 3 |  3.1
Bows           | 1 2 3 |  3.1
Crossbows      | 1 2 3 |  3.1
Throwing       | 1 2 3 |  3.1
Armour         | 1 2 3 |  3.1
Stealth        | 1 2 3 |  3.1
Shields        | 1 2 3 |  3.1
Invocations    | 1 2 3 |  3.4
Evocations     | 1 2 3 |  3.1
Conjurations   | 1 2 |  2.5
Hexes          | 1 2 |  2.5
Charms         | 1 2 |  2.5
Summonings     | 1 2 |  2.5
Necromancy     | 1 2 |  2.5
Translocations | 1 2 |  2.5
Fire Magic     | 1 2 |  2.5
Ice Magic      | 1 2 |  2.5
Air Magic      | 1 2 |  2.5
Earth Magic    | 1 2 |  2.5
Poison Magic   | 1 2 |  2.5
Fighting       | 3 4 |  4.1
Transmutations | 4 |  4.6
Dodging        | 5 |  5.6
Unarmed Combat | 7 |  7.3

Action                   |  1- 3 |  4- 6 |  7- 9 || total
-------------------------+-------+-------+-------++-------
Melee: Unarmed           |    57 |    68 |    69 ||   194
       Kick              |     6 |       |     3 ||     9
       Bite              |     5 |       |     4 ||     9
       Headbutt          |     2 |       |       ||     2
       Punch             |     1 |       |     1 ||     2
       Dagger            |       |       |    20 ||    20
Throw: Throwing net      |       |       |     1 ||     1
 Cast: Beastly Appendage |     9 |       |     4 ||    13
       Spider Form       |     2 |    10 |     7 ||    19
       Sticks to Snakes  |     1 |     3 |     9 ||    13
       Regeneration      |       |       |     5 ||     5
Evoke: Wand              |       |       |     5 ||     5
  Use: Potion            |       |     7 |       ||     7
       Scroll            |       |     4 |     3 ||     7
 Stab: Sleeping          |     1 |       |     1 ||     2
       Distracted        |       |     1 |     1 ||     2
       Held in net/web   |       |       |     1 ||     1
  Eat: Ration            |     1 |       |     1 ||     2
Armor: Robe              |     4 |       |     5 ||     9
       Skin              |     1 |     1 |     2 ||     4
Dodge: Dodged            |    30 |    74 |    63 ||   167

Table legend:
 A = Turns spent in this place as a percentage of turns spent in the entire game.
 B = Non-inter-level travel turns spent in this place as a percentage of non-inter-level travel turns spent in the entire game.
 C = Inter-level travel turns spent in this place as a percentage of turns spent in this place.
 D = Turns resting spent in this place as a percentage of non-inter-level travel turns spent in this place.
 E = Turns spent auto-exploring this place as a percentage of non-inter-level travel turns spent in this place.
 F = Non-inter-level travel turns spent in this place divided by the number of levels of this place that you've seen.
                   A       B       C       D       E      F
               +-------+-------+-------+-------+-------+----------------------
         Total | 100.0 | 100.0 |   0.0 |   0.0 |   0.0 | 211.3
       Dungeon | 100.0 | 100.0 |   0.0 |   0.0 |   0.0 | 211.3
               +-------+-------+-------+-------+-------+----------------------

Table legend:
 A = Kills in this place as a percentage of kills in entire the game.
 B = Kills by you in this place as a percentage of kills by you in the entire game.
 C = Kills by friends in this place as a percentage of kills by friends in the entire game.
 D = Other kills in this place as a percentage of other kills in the entire game.
 E = Experience gained in this place as a percentage of experience gained in the entire game.
 F = Experience gained in this place divided by the number of levels of this place that you have seen.
                   A       B       C       D       E      F
               +-------+-------+-------+-------+-------+----------------------
         Total | 100.0 | 100.0 | 100.0 |   N/A | 100.0 | 223.4
       Dungeon | 100.0 | 100.0 | 100.0 |   N/A | 100.0 | 223.4
               +-------+-------+-------+-------+-------+----------------------

Vault maps used:
D:1:      erik_arrival_cave_to_civilisation
D:2:      kennysheep_big_flooded_room, lemuel_round_altar
D:3:      old_standard_altar, lemuel_coloured_pillars_altar,
          overflow_temple_1_default, nicolae_ru_great_annihilating_truth,
          first_ration
D:4:      minmay_temple_entry_overgrown
D:5:      kennysheep_mini_moat, lemuel_crystal_altar,
          nicolae_gozag_zags_fifth_avenue, basic_altar, minmay_checkerbox
D:6:      nicolae_overflow_crystal_walls, basic_altar
D:9:      minmay_curly_fans, hiddenorc1_lemuel, hangedman_ranch,
          nicolae_dithmenos_shadow_blocks
